 Dungeon Crawl Stone Soup version 0.19-a0-1670-gc28a5d9 (webtiles) character file.

37335 Amnesiac the Carver (level 14, -7/135 HPs)
             Began as a Halfling Assassin on Sept 22, 2016.
             Was a High Priest of Trog.
             Mangled by a death yak simulacrum (38 damage)
             ... in an ice cave.
             The game lasted 01:08:58 (18337 turns).

Amnesiac the Carver (Halfling Assassin)            Turns: 18337, Time: 01:08:58

Health: -7/135     AC: 22    Str: 17    XL:     14   Next: 28%
Magic:  14/14      EV: 18    Int:  9    God:    Trog [*****.]
Gold:   1171       SH:  7    Dex: 19    Spells: 0 memorised, 13 levels left

rFire  . . .     SeeInvis .     q - +3 scimitar (slice)
rCold  . . .     Gourm    .     B - +0 pearl dragon armour
rNeg   + . .     Faith    .     C - +0 buckler
rPois  +         Spirit   .     O - +2 hat
rElec  .         Dismiss  .     d - +0 cloak
rCorr  .         Reflect  .     F - +0 pair of gloves
MR     +....     Harm     .     f - +0 pair of boots
Stlth  ..........               k - amulet of regeneration
                                w - ring of poison resistance
                                r - +2 ring of slaying

@: berserking, very quick
A: yellow scales 1, blurry vision 1, mutation resistance 1, weak 1
a: Berserk, Trog's Hand, Brothers in Arms, Burn Spellbooks, Renounce Religion


You were in an ice cave.
You worshipped Trog.
Trog was extremely pleased with you.
You were hungry.

You visited 3 branches of the dungeon, and saw 18 of its levels.
You also visited: Ice Cave.

You collected 1171 gold pieces.

Inventory:

Hand Weapons
 e - a +1 blowgun
 n - a +0 short sword of draining
 q - a +3 scimitar of slicing (weapon)
Missiles
 b - 89 poisoned needles
 h - 6 curare-tipped needles
 o - 11 exploding tomahawks
 y - 2 tomahawks of returning
 I - 6 steel tomahawks
 J - 5 tomahawks of dispersal
 Q - 19 tomahawks
 R - 5 needles of confusion
 Y - 4 needles of frenzy
Armour
 d - a +0 cloak (worn)
 f - a +0 pair of boots (worn)
 B - a +0 pearl dragon armour (worn)
 C - a +0 buckler (worn)
 F - a +0 pair of gloves (worn)
 O - a +2 hat (worn)
Jewellery
 k - an amulet of regeneration (around neck)
 r - a +2 ring of slaying (left hand)
 w - a ring of poison resistance (right hand)
 E - a +3 ring of evasion
Wands
 a - a wand of hasting (5/9)
 H - a wand of enslavement (11/24) (quivered)
 Z - a wand of acid (3/15)
Scrolls
 c - 2 scrolls of enchant armour
 t - 3 scrolls of identify
 v - 2 scrolls of fear
 x - 2 scrolls of magic mapping
 K - 4 scrolls of teleportation
 P - 4 scrolls of blinking
 S - 5 scrolls of remove curse
 T - a scroll of recharging
Potions
 i - 3 potions of might
 j - 5 potions of flight
 l - a potion of cancellation
 p - 2 potions of invisibility
 u - 2 potions of brilliance
 z - 2 potions of heal wounds
 A - a potion of ambrosia
 G - 4 potions of haste
 V - a potion of agility
 W - 3 potions of curing
Books
 L - a book of Power

   Spells                             Type                      Level
   a - Fulminant Prism                Conjuration/Hexes            4
   b - Iskenderun's Mystic Blast      Conjuration                  4
   c - Venom Bolt                     Conjuration/Poison           5
   d - Bolt of Magma                  Conjuration/Fire/Earth       5
   e - Iron Shot                      Conjuration/Earth            6
   f - Orb of Destruction             Conjuration                  7
   g - Spellforged Servitor           Conjuration/Summoning        7
   Trog disapproves of the use of such an item.
 N - a book of the Warp

   Spells                             Type                      Level
   a - Gell's Gravitas                Hexes/Translocation          3
   b - Force Lance                    Conjuration/Translocation    4
   c - Summon Forest                  Summoning/Translocation      5
   d - Dispersal                      Translocation                6
   e - Controlled Blink               Translocation                8
   f - Disjunction                    Translocation                8
   Trog disapproves of the use of such an item.
Comestibles
 g - 8 bread rations
 m - 12 royal jellies
 s - 17 fruits
 D - 4 beef jerkies
 M - 7 meat rations
 U - 2 slices of pizza
 X - 6 chunks of flesh


   Skills:
 - Level 6.0 Fighting
 - Level 4.0(11.5) Short Blades
 - Level 13.8(14.0) Long Blades
 + Level 10.2 Throwing
 - Level 9.0 Armour
 - Level 9.0 Dodging
 - Level 10.0 Stealth
 - Level 5.6 Shields


You had 13 spell levels left.
You didn't know any spells.

Dungeon Overview and Level Annotations

Branches:
Dungeon (11/15)            Temple (1/1) D:4            Lair (6/6) D:11
  Swamp (0/4) Lair:2       Spider (0/4) Lair:4        Slime (0/5) Lair:6
    Orc (0/2) D:9

Altars:
Ashenzari
Cheibriados
Dithmenos
Elyvilon
Fedhas
Gozag
Hepliaklqana
Kikubaaqudgha
Makhleb
Nemelex Xobeh
Okawaru
Qazlal
Ru
Sif Muna
Trog
Uskayaw
Vehumet
Xom
Yredelemnul
Zin
The Shining One

Shops:
D:4 *(}[}   D:9 (   D:10 (


Innate Abilities, Weirdness & Mutations

You are small and have problems with some larger weapons.
You are somewhat resistant to further mutation.
You are partially covered in yellow scales. (AC +2)
Scrolls take you a little longer to read.
You are weak. (Str -2)


Message History

The elephant simulacrum trunk-slaps you but does no damage.
You hit the elephant simulacrum but do no damage.
The elephant simulacrum is almost destroyed.
You slice the elephant simulacrum!!
The elephant simulacrum vapourises!
Trog accepts your kill.
The death yak simulacrum gores you but does no damage.
You slice the death yak simulacrum!!
The death yak simulacrum is almost destroyed.
You slash the death yak simulacrum!
The death yak simulacrum vapourises!
Trog accepts your kill.
You slash the death yak simulacrum!
The death yak simulacrum is heavily damaged.
You slash the death yak simulacrum!
The death yak simulacrum is severely damaged.
The death yak simulacrum gores you!
* * * LOW HITPOINT WARNING * * *
The death yak simulacrum freezes you!!!
You die...

#### ##..##
. ###....##
..##.....§.#
.......∩.Z@#
#..........#
##..##....##
## ##..##
####


You could see a death yak simulacrum.

Vanquished Creatures
  Gastronok (D:8)
  A fire dragon (Lair:1)
  A hydra (D:10)
  A catoblepas (Lair:2)
  2 centaur warriors (D:11)
  Sonja (Lair:2)
  2 wizards (D:10)
  2 hill giants
  2 orc knights (D:11)
  A wolf spider (Lair:4)
  2 black mambas (Lair:3)
  3 elephants
  13 spiny frogs
  A gargoyle (D:11)
  A kobold demonologist (D:11)
  8 komodo dragons
  A rime drake (Lair:4)
  A troll (D:10)
  3 jumping spiders (Lair:4)
  A polar bear (Lair:2)
  Prince Ribbit (D:8)
  13 blink frogs
  6 hippogriffs
  A redback (Lair:4)
  A vampire (D:10)
  A shadow (D:11)
  2 fire elementals (Lair:1)
  2 spriggans (Lair:2)
  A wyvern (D:8)
  A steam dragon (Lair:4)
  3 basilisks
  5 yaks (Lair:2)
  A hungry ghost (D:9)
  A death yak simulacrum (IceCv)
  Grum (D:9)
  Menkaure (D:7)
  Edmund (D:5)
  6 swamp worms (Lair:2)
  7 porcupines
  5 water moccasins
  A swamp drake (D:9)
  2 wasps
  6 sky beasts
  3 black bears
  6 orc warriors
  6 ice beasts
  2 phantoms
  An eye of draining (D:7)
  A necrophage (D:8)
  6 boggarts (D:10)
  3 ogres
  18 wolves
  7 centaurs
  8 crocodiles
  3 big kobolds
  Blork the orc (D:6)
  A wyvern zombie (D:8)
  13 bullfrogs
  7 scorpions
  18 killer bees
  An elephant simulacrum (IceCv)
  5 wights (D:8)
  6 howler monkeys
  2 crimson imps
  A quasit (D:9)
  A bullfrog zombie (D:5)
  7 jellies
  Crazy Yiuf (D:3)
  A centaur zombie (D:5)
  5 hounds
  11 orc priests
  2 bullfrog skeletons
  9 orc wizards
  5 iguanas
  5 worker ants
  A wolf simulacrum (IceCv)
  A hound skeleton (D:11)
  2 hound zombies
  3 gnolls (D:4)
  12 adders
  20 river rats
  2 shadow imps (D:5)
  7 oozes
  3 adder skeletons
  4 worms
  3 dart slugs
  10 leopard geckos
  37 orcs
  2 ball pythons
  4 giant cockroaches
  5 goblins
  6 hobgoblins
  12 jackals
  22 kobolds
  6 quokkas
  5 bats
  4 frilled lizards
  A giant cockroach zombie (D:5)
  A goblin zombie (D:6)
  A jackal skeleton (D:8)
  A leopard gecko skeleton (D:4)
  A quokka skeleton (D:9)
  A quokka zombie (D:6)
  8 rats
468 creatures vanquished.

Vanquished Creatures (others)
  A shadow (D:11)
  A human (D:8)
  A worker ant (D:4)
  A giant cockroach (D:4)
  A quokka (D:4)
  A kobold (D:11)
  5 fungi
  8 plants (Lair:6)
19 creatures vanquished.

Grand Total: 487 creatures vanquished

Notes
Turn   | Place    | Note
-------+----------+-------------------------------------------
     0 | D:1      | Amnesiac the Halfling Assassin began the quest for the Orb.
     0 | D:1      | Reached XP level 1. HP: 14/14 MP: 1/1
    89 | D:3      | Reached XP level 2. HP: 19/19 MP: 2/2
    95 | D:3      | Found a faded altar of an unknown god.
   127 | D:5      | Entered Level 5 of the Dungeon
   129 | D:5      | Noticed an ice beast
   136 | D:5      | Killed an ice beast
   136 | D:5      | Reached XP level 3. HP: 23/24 MP: 3/3
   136 | D:5      | Reached XP level 4. HP: 28/29 MP: 4/4
   136 | D:5      | Reached XP level 5. HP: 32/34 MP: 5/5
   171 | D:5      | Noticed Edmund
   189 | D:5      | Killed Edmund
   189 | D:5      | Reached skill level 5 in Throwing
   189 | D:5      | Reached XP level 6. HP: 39/39 MP: 6/6
   210 | D:5      | Noticed a sky beast
   222 | D:5      | Killed a sky beast
   510 | D:4      | Found Epsios's Gadget Emporium.
   512 | D:4      | Reached XP level 7. HP: 45/45 MP: 7/7
   720 | D:4      | Found Baakher's Gadget Emporium.
   746 | D:4      | Found Fotauc's Antique Armour Shop.
   987 | D:4      | Found a staircase to the Ecumenical Temple.
   992 | Temple   | Entered the Ecumenical Temple
  1100 | D:3      | Became a worshipper of Trog the Wrathful
  1100 | D:3      | Reached * piety under Trog
  2567 | D:2      | Reached ** piety under Trog
  2845 | D:3      | Found a runed door.
  3359 | D:3      | Noticed Crazy Yiuf
  3367 | D:3      | Killed Crazy Yiuf
  3524 | D:4      | Found Vaamodee's Antique Weapon Emporium.
  3573 | D:4      | Reached XP level 8. HP: 49/52 MP: 8/8
  3768 | D:4      | Found a shimmering altar of Xom.
  3832 | D:4      | Found Zifeobrufoo's General Store.
  4612 | D:5      | Reached skill level 5 in Shields
  4618 | D:5      | Reached *** piety under Trog
  5072 | D:5      | Reached skill level 5 in Stealth
  5085 | D:5      | Gained mutation: Scrolls take you a little longer to read. [mutagenic meat]
  5255 | D:6      | You fall through a shaft for 2 floors!
  5276 | D:7      | Found a sacrificial altar of Ru.
  5321 | D:7      | Reached XP level 9. HP: 43/56 MP: 9/9
  5546 | D:7      | Noticed Menkaure
  5592 | D:6      | Noticed Blork the orc
  5615 | D:6      | Killed Blork the orc
  5644 | D:6      | Found a shadowy altar of Dithmenos.
  6020 | D:6      | Found a sand-covered staircase.
  6316 | D:6      | Found a bloodstained altar of Trog.
  6317 | D:6      | Found an iron altar of Okawaru.
  6707 | D:7      | Killed Menkaure
  7456 | D:7      | Noticed a hippogriff
  7510 | D:7      | Killed a hippogriff
  7510 | D:7      | Reached skill level 2 in Long Blades
  7510 | D:7      | Reached XP level 10. HP: 37/63 MP: 0/10
  7623 | D:8      | Noticed Prince Ribbit
  7623 | D:8      | Reached skill level 3 in Long Blades
  7655 | D:8      | Reached skill level 4 in Long Blades
  7738 | D:8      | Reached skill level 5 in Long Blades
  7803 | D:8      | Reached **** piety under Trog
  7803 | D:8      | Reached skill level 6 in Long Blades
  7922 | D:8      | Identified a scroll of acquirement
  7922 | D:8      | Got a polished double sword
  7938 | D:8      | Killed Prince Ribbit
  7952 | D:8      | Identified the +2 double sword "Muitait" {antimagic, *Corrode rElec rPois rN+} (You acquired it on level 8 of the Dungeon)
  8157 | D:8      | Reached skill level 5 in Dodging
  8178 | D:8      | Reached skill level 5 in Armour
  8296 | D:8      | Received a gift from Trog
  8396 | D:8      | Noticed Gastronok
  8551 | D:8      | Killed Gastronok
  8551 | D:8      | Reached XP level 11. HP: 51/67 MP: 11/11
  8598 | D:8      | Found an ancient bone altar of Kikubaaqudgha.
  8628 | D:9      | Found Veuxir's Weapon Shop.
  9107 | D:9      | Found an ancient bone altar of Kikubaaqudgha.
  9123 | D:9      | Found a burning altar of Makhleb.
  9175 | D:9      | Found a stormy altar of Qazlal.
  9182 | D:9      | Noticed Grum
  9240 | D:9      | Killed Grum
  9319 | D:9      | Found a radiant altar of Vehumet.
  9594 | D:9      | Found a staircase to the Orcish Mines.
  9618 | D:9      | Reached skill level 10 in Stealth
  9724 | D:9      | Found a basalt altar of Yredelemnul.
  9790 | D:9      | Found a white marble altar of Elyvilon.
  9909 | D:10     | Entered Level 10 of the Dungeon
 10010 | D:10     | Reached ***** piety under Trog
 10073 | D:10     | Found Sutobbutt's Weapon Boutique.
 10133 | D:10     | Noticed a seven-headed hydra
 10171 | D:10     | Noticed a hill giant
 10204 | D:10     | Killed a hill giant
 10313 | D:10     | Reached skill level 7 in Long Blades
 10322 | D:10     | Received a gift from Trog
 10392 | D:10     | Gained mutation: You are partially covered in yellow scales. (AC +2) [mutagenic meat]
 10800 | D:10     | Noticed a wizard
 11012 | D:10     | Received a gift from Trog
 11012 | D:10     | Reached skill level 8 in Long Blades
 11097 | D:10     | Killed a wizard
 11185 | D:10     | Noticed a wizard
 11202 | D:10     | Noticed a hill giant
 11239 | D:10     | Killed a wizard
 11239 | D:10     | Reached skill level 9 in Long Blades
 11239 | D:10     | Reached XP level 12. HP: 35/72 MP: 12/12
 11379 | D:10     | Killed a seven-headed hydra
 11521 | D:11     | Reached skill level 10 in Long Blades
 11698 | D:11     | Noticed a centaur warrior
 11699 | D:11     | Found a large runed door.
 11700 | D:11     | Found a large runed door.
 11776 | D:11     | Received a gift from Trog
 11854 | D:11     | Found a staircase to the Lair.
 12194 | D:11     | Reached skill level 11 in Long Blades
 12343 | D:11     | Noticed a centaur warrior
 12344 | D:11     | Found an iron altar of Okawaru.
 12346 | D:11     | Found an iron altar of Okawaru.
 12352 | D:11     | Killed a centaur warrior
 12384 | D:11     | Killed a centaur warrior
 12482 | D:11     | Reached skill level 12 in Long Blades
 12563 | Lair:1   | Entered Level 1 of the Lair of Beasts
 13310 | Lair:1   | Noticed a fire dragon
 13344 | Lair:1   | Killed a fire dragon
 13584 | Lair:1   | Reached XP level 13. HP: 64/77 MP: 13/13
 13701 | Lair:2   | Noticed a catoblepas
 13722 | Lair:3   | Reached skill level 13 in Long Blades
 13761 | Lair:2   | Gained mutation: You are weak. (Str -2) [potion of mutation]
 13826 | Lair:2   | Received a gift from Trog
 13992 | Lair:2   | Found a staircase to the Swamp.
 14033 | Lair:2   | HP: 1/77 [swamp worm (6)]
 14374 | Lair:2   | Killed a catoblepas
 14610 | Lair:2   | Reached skill level 5 in Fighting
 14753 | Lair:2   | Noticed Sonja
 14771 | Lair:2   | Killed Sonja
 15957 | Lair:3   | Received a gift from Trog
 16305 | Lair:4   | Found a sparkling altar of Nemelex Xobeh.
 16673 | Lair:4   | Found a hole to the Spider Nest.
 16717 | Lair:4   | Reached XP level 14. HP: 85/90 MP: 14/14
 16864 | Lair:4   | Found a dark tunnel.
 17642 | Lair:5   | Received a gift from Trog
 18116 | Lair:6   | Entered Level 6 of the Lair of Beasts
 18170 | Lair:6   | Reached skill level 10 in Throwing
 18308 | Lair:6   | Found a frozen archway.
 18314 | IceCv    | Entered an ice cave
 18337 | IceCv    | Mangled by a death yak simulacrum

Vault maps used:
D:1:      wheals_arrival_shading, serial_corexii_hall, corexii_hall_statues_s,
          corexii_hall_statues_x, kennysheep_decorative_pillar,
          hangedman_decor_riveting
D:3:      ecumenical_altar_1, hangedman_decor_diamond_cutter,
          minmay_misc_feat_five, minmay_bisected, uniq_crazy_yiuf_cottage
D:4:      serial_shops, kennysheep_little_box, kennysheep_mini_moat,
          nicolae_shop_statue_plus, nicolae_shop_overgrown_old_shop,
          nicolae_shop_crystal, first_bread, xom_confusion_cloud
D:5:      minmay_diamond_boxcup, grunt_ministairs_6, uniq_edmund
D:6:      grunt_temple_overflow_bloody_war,
          nicolae_dithmenos_through_a_glass_darkly, enter_ossuary_4,
          uniq_blork_the_orc
D:7:      basic_altar, uniq_menkaure
D:8:      hangedman_little_slice_of_home, tgw_kikubaaqudgha,
          uniq_prince_ribbit1, uniq_gastronok
D:9:      kennysheep_ying_yang, nicolae_overflow_quartered_altars, erik_orc_1,
          serial_shops, shop, billiards_dpeg, uniq_grum
D:10:     minmay_smoke_and_mirrors, serial_shops, shop
D:11:     okawaru_arena_lexackson, lair_0_dummy, minmay_unpleasant_kobolds
Temple:   minmay_temple_bridge_abc
Lair:1:   dragon1_lemuel, infiniplex_staircase_pool
Lair:2:   nicolae_swamp_entry_splash_gauntlet, forest_entry_grove, uniq_sonja
Lair:3:   guppyfry_lair_drakes, lemuel_fruit_fields, grunt_megastairs_4
Lair:4:   spider_nest_entry_funnel_web, lightli_volcano_entry_magma_tube,
          basic_altar
Lair:6:   minmay_lair_end_frog_pond, slime_altar_1, portal_ice_cave_rime,
          serial_bayou_crossing
IceCv:    ice_cave_small_necro

Skill      XL: |  1  2  3  4  5  6  7  8  9 10 11 12 13 14 |
---------------+-------------------------------------------+-----
Fighting       | 2 3 6 |  6.0
Throwing       | 4 5 6 7 8 10 | 10.2
Short Blades   | 3 4 |  4.0
Shields        | 5 |  5.6
Stealth        | 5 7 10 | 10.0
Dodging        | 4 7 9 |  9.0
Armour         | 4 7 9 |  9.0
Long Blades    | 2 6 9 12 13 | 13.8

Action                   |  1- 3 |  4- 6 |  7- 9 | 10-12 | 13-15 || total
-------------------------+-------+-------+-------+-------+-------++-------
Melee: Dagger            |    14 |    11 |   672 |    87 |     1 ||   785
       Short sword       |       |       |    18 |       |       ||    18
       Long sword        |       |       |       |    91 |       ||    91
       Scimitar          |       |       |       |   728 |   729 ||  1457
       Falchion          |       |       |       |       |    10 ||    10
 Fire: Blowgun           |       |    13 |    59 |    72 |    15 ||   159
Invok: Berserk           |       |       |     2 |     3 |     6 ||    11
  Use: Scroll            |       |     3 |    11 |     8 |     8 ||    30
       Potion            |       |       |       |       |     8 ||     8
 Stab: Sleeping          |     3 |     3 |    15 |    17 |     9 ||    47
       Distracted        |       |       |     1 |     1 |     1 ||     3
       Confused          |       |       |       |     9 |       ||     9
       Petrified         |       |       |       |       |     1 ||     1
  Eat: Chunk             |       |       |    25 |    31 |    17 ||    73
       Fruit             |       |       |     1 |       |     1 ||     2
       Beef jerky        |       |       |     1 |       |       ||     1
       Bread ration      |       |       |       |     1 |       ||     1
       Royal jelly       |       |       |       |       |     1 ||     1
Armor: Robe              |     3 |     3 |    19 |       |       ||    25
       Pearl dragon armo |       |       |   168 |   290 |   198 ||   656
Dodge: Dodged            |     6 |    11 |   298 |   529 |   412 ||  1256
Block: Buckler           |       |       |   100 |   278 |   181 ||   559
